 Dungeon Crawl Stone Soup version 0.20.1-1-g8b1a95d66d (webtiles) character file.

554 Peloso the Slasher (level 7, -2/47 HPs)
             Began as a Halfling Fighter on Nov 19, 2017.
             Slain by Anmu's ghost (4 damage)
             ... on level 4 of the Dungeon.
             The game lasted 00:09:50 (3933 turns).

Peloso the Slasher (Halfling Fighter)               Turns: 3933, Time: 00:09:51

Health: -2/47      AC:  9    Str: 19    XL:     7   Next: 55%
Magic:  7/7        EV: 13    Int: 11    God:
Gold:   163        SH: 11    Dex: 19    Spells: 6/6 levels left

rFire    + . .     SeeInvis .   a - +0 long sword
rCold    + . .     Gourm    +   c - +0 shield
rNeg     + . .     Faith    .   v - +0 chain mail
rPois    +         Spirit   .   (no helmet)
rElec    +         Reflect  .   (no cloak)
rCorr    +         Harm     .   (no gloves)
MR       .....                  (no boots)
Stlth    ..........             g - amulet of the gourmand
Regen    0.2/turn               j - ring of positive energy
MPRegen  0.1/turn               s - ring of poison resistance

@: brilliant, agile, resistant, flying
A: mutation resistance 1
a: no special abilities


You were on level 4 of the Dungeon.
You were full.

You visited 1 branch of the dungeon, and saw 4 of its levels.

You collected 163 gold pieces.

Inventory:

Hand Weapons
 a - a +0 long sword (weapon)
 e - a cursed -2 spear
 h - a +0 whip of flaming
Missiles
 A - 2 exploding tomahawks (quivered)
Armour
 c - a +0 shield (worn)
 v - a +0 chain mail (worn)
Jewellery
 g - an amulet of the gourmand (around neck)
 j - a ring of positive energy (left hand)
 m - an uncursed ring of protection from fire
 p - an uncursed ring of wizardry
 s - a ring of poison resistance (right hand)
Scrolls
 k - 4 scrolls of teleportation
 w - a scroll of immolation {unknown}
 x - 2 scrolls of remove curse {unknown}
 y - a scroll of amnesia {unknown}
 z - a scroll of magic mapping {unknown}
 B - a scroll of fear {unknown}
Potions
 b - 2 potions of curing
 l - a potion of flight
 r - a potion of agility
 t - a potion of heal wounds {unknown}
 C - a potion of berserk rage {unknown}
Comestibles
 f - 2 bread rations
 q - 2 meat rations
 u - a royal jelly


   Skills:
 + Level 3.9 Fighting
 + Level 5.1 Long Blades
 + Level 0.2 Throwing
 + Level 4.6 Armour
 + Level 1.4 Dodging
 + Level 5.0 Shields


You had 6 spell levels left.
You didn't know any spells.

Dungeon Overview and Level Annotations

Branches:
Dungeon (4/15)
 Temple: D:4-7

Altars:
Elyvilon
Gozag
Hepliaklqana

Portals:
Ossuary: D:4

Annotations:
D:4 Anmu's ghost, amateur TrMo


Innate Abilities, Weirdness & Mutations

You are small and have problems with some larger weapons.
You are somewhat resistant to further mutation.


Message History

You block Anmu's ghost's attack. Anmu's ghost completely misses you.
You riposte.
You closely miss Anmu's ghost.
Anmu's ghost is heavily damaged.
You closely miss Anmu's ghost.
Anmu's ghost is heavily damaged.
Anmu's ghost hits you.
You slash Anmu's ghost!
Anmu's ghost is heavily damaged.
Anmu's ghost hits you.
You slash Anmu's ghost!
Anmu's ghost is severely damaged.
Anmu's ghost hits you!
* * * LOW HITPOINT WARNING * * *
You hit Anmu's ghost but do no damage.
Anmu's ghost is severely damaged.
You block Anmu's ghost's attack. Anmu's ghost barely misses you.
You hit Anmu's ghost but do no damage.
Anmu's ghost is severely damaged.
Anmu's ghost hits you.
You die...

##.# #.##
##.# #.#
#.## ##.#
#.## #..##
#@..#
#W...#
..####
.... .....
.....>.
........
..###.....


You could see Anmu's ghost.

Vanquished Creatures
  The ghost of Gersthal the Slasher, an amateur DsGl (D:3)
  A gnoll sergeant (D:4)
  A scorpion (D:4)
  A hound (D:4)
  An orc priest (D:3)
  2 orc wizards (D:3)
  Jessica (D:3)
  9 gnolls
  3 adders
  2 oozes
  A worm (D:2)
  2 dart slugs
  4 leopard geckos
  7 orcs (D:3)
  4 giant cockroaches
  10 hobgoblins
  6 jackals
  A quokka (D:2)
  A ball python (D:2)
  8 bats
  5 frilled lizards
  12 goblins
  4 kobolds
  7 rats
94 creatures vanquished.

Notes
Turn   | Place    | Note
-------+----------+-------------------------------------------
     0 | D:1      | Peloso the Halfling Fighter began the quest for the Orb.
     0 | D:1      | Reached XP level 1. HP: 15/15 MP: 1/1
    29 | D:1      | Reached XP level 2. HP: 16/20 MP: 2/2
   287 | D:1      | Reached XP level 3. HP: 21/26 MP: 3/3
   886 | D:2      | Reached XP level 4. HP: 31/31 MP: 4/4
   938 | D:2      | Found a faded altar of an unknown god.
  1263 | D:2      | Found a white marble altar of Elyvilon.
  1286 | D:2      | Found an opulent altar of Gozag.
  1617 | D:2      | Found a hazy altar of Hepliaklqana.
  1782 | D:2      | Reached XP level 5. HP: 36/36 MP: 5/5
  2465 | D:3      | Reached XP level 6. HP: 23/42 MP: 6/6
  2468 | D:3      | Reached skill level 1 in Dodging
  2545 | D:3      | Noticed Jessica
  2560 | D:3      | Killed Jessica
  2621 | D:3      | HP: 1/42 [orc wizard/magic dart (3)]
  2694 | D:3      | Noticed Gersthal's ghost (amateur DsGl)
  3118 | D:3      | HP: 1/42 [Gersthal's ghost (5)]
  3119 | D:3      | Killed Gersthal's ghost
  3627 | D:4      | Reached XP level 7. HP: 47/47 MP: 7/7
  3691 | D:4      | Reached skill level 5 in Shields
  3814 | D:4      | Reached skill level 5 in Long Blades
  3826 | D:4      | Found a sand-covered staircase.
  3903 | D:4      | Noticed Anmu's ghost (amateur TrMo)
  3931 | D:4      | HP: 2/47 [Anmu's ghost (17)]
  3933 | D:4      | Slain by Anmu's ghost

Skill      XL: |  1  2  3  4  5  6  7 |
---------------+----------------------+-----
Fighting       | 3 |  3.9
Long Blades    | 3 4 5 |  5.1
Armour         | 4 |  4.6
Shields        | 4 5 |  5.0
Dodging        | 1 |  1.4
Throwing       | |  0.2

Action                   |  1- 3 |  4- 6 |  7- 9 || total
-------------------------+-------+-------+-------++-------
Melee: Long sword        |   106 |   199 |    51 ||   356
Throw: Tomahawk          |       |     1 |       ||     1
  Use: Scroll            |       |     5 |       ||     5
       Potion            |       |     1 |     5 ||     6
  Eat: Chunk             |     9 |     9 |     1 ||    19
Armor: Scale mail        |    49 |    25 |       ||    74
       Chain mail        |       |    46 |    21 ||    67
Dodge: Dodged            |    36 |    57 |    21 ||   114
Block: Shield            |    52 |   111 |    33 ||   196
       Rpst.: Long sword |    10 |    21 |     6 ||    37
